 Dungeon Crawl Stone Soup version 0.27.1-2-g3b301248ec (webtiles) character file.

Game seed: 16747899443573101871

357 Descartes the Covert (level 6, 0/28 HPs)
             Began as a Felid Delver on Oct 2, 2021.
             Slain by an orc (6 damage)
             ... on level 4 of the Dungeon.
             The game lasted 00:09:07 (5755 turns).

Descartes the Covert (Felid Delver)                 Turns: 5755, Time: 00:09:08

Health: 0/28       AC:  2    Str: 10    XL:     6   Next: 37%
Magic:  7/7        EV: 19    Int: 12    God:
Gold:   155        SH:  0    Dex: 17    Spells: 0/5 levels left
                                        Lives:  0   Deaths: 1

rFire    . . .     SeeInvis +     - Unarmed
rCold    . . .     Faith    .   (shield unavailable)
rNeg     + . .     Spirit   .   (armour unavailable)
rPois    .         Reflect  .   (helmet unavailable)
rElec    .         Harm     .   (cloak unavailable)
rCorr    .         Rampage  .   (gloves unavailable)
Will     .....                  (boots unavailable)
Stlth    +++++.....             (no amulet)
HPRegen  0.09/turn              n - ring of positive energy
MPRegen  0.10/turn              (no ring)

@: quick
A: very small, claws 1, fangs 3, see invisible, speed 1, shaggy fur 2, stealthy
paws, no weapons or thrown items, no armour, multi-lived
a: no special abilities


You were on level 4 of the Dungeon.
You visited 1 branch of the dungeon, and saw 5 of its levels.

You collected 155 gold pieces.

Inventory:

Jewellery
 n - a ring of positive energy (left paw)
 r - a ring of ice
Wands
 e - a wand of digging (3)
 h - a wand of paralysis (5)
Scrolls
 a - a scroll of fog
 b - a scroll of magic mapping
 c - a scroll of fear
 i - a scroll of summoning {unknown}
 j - a scroll of immolation {unknown}
 k - a scroll of enchant weapon {unknown}
 m - a scroll of vulnerability {unknown}
 o - a scroll of amnesia
Potions
 d - a potion of haste
 f - a potion of mutation {unknown}
 g - a potion of attraction {unknown}
 l - 2 potions of curing
 p - a potion of berserk rage
 q - 2 potions of flight


   Skills:
 - Level 3.0 Fighting
 + Level 4.5 Dodging
 * Level 10.1 Stealth
 + Level 2.8 Unarmed Combat
 + Level 1.0 Hexes
 + Level 2.7 Evocations


You couldn't memorise any spells.
You knew the following spells:

 Your Spells              Type           Power      Damage    Failure   Level
a - Metabolic Englaciati  Hex/Ice        0%         N/A       100%        5

Your spell library contained the following spells:

 Spells                   Type           Power      Damage    Failure   Level
 Ozocubu's Armour         Ice            0%         N/A       69%         3
 Simulacrum               Ice/Necr       0%         N/A       100%        6


Dungeon Overview and Level Annotations

Branches:
Dungeon (5/15)
 Temple: D:4-7

Altars:


Innate Abilities, Weirdness & Mutations

You have sharp claws.
You have razor-sharp teeth.
You have supernaturally acute eyesight. (SInv)
You cover ground quickly. (Speed+)
You are covered in thick fur. (AC +2)
Your paws help you pounce on unaware monsters.
You are incapable of wielding weapons or throwing items.
You cannot wear armour.
You gain extra lives every three experience levels.


Message History

You are too injured to fight recklessly!
Things that are here:
a +0 club; a +0 leather armour; an orc corpse You scratch the orc but do no damage.
The orc completely misses you.
You scratch the orc.
The orc is moderately wounded.
The orc completely misses you.
You barely miss the orc.
The orc is moderately wounded.
The orc misses you.
You scratch the orc but do no damage.
The orc is moderately wounded.
The orc closely misses you.
You barely miss the orc.
The orc is moderately wounded.
The orc barely misses you.
You closely miss the orc.
The orc is moderately wounded.
The orc hits you but does no damage.
You closely miss the orc.
The orc is moderately wounded.
The orc hits you with a +0 short sword of protection.
* * * LOW HITPOINT WARNING * * *
You closely miss the orc.
The orc is moderately wounded.
The orc misses you.
You scratch the orc.
The orc is almost dead.
The orc hits you with a +0 short sword of protection.
* * * LOW HITPOINT WARNING * * *
You scratch the orc but do no damage.
The orc is almost dead.
The orc barely misses you.
You scratch the orc but do no damage.
The orc is almost dead.
The orc closely misses you.
You scratch the orc but do no damage.
The orc is almost dead.
The orc hits you with a +0 short sword of protection.
You die...

... .. #.# #.# #.
#.# #.##.##.##
#.#.#...##
#.......#
#.#.....## #
##....###.##...
#.##.)..........#
.......o@.###.####
.#.#.##.#'# .. #
## ##...# ## ....#
.....# ### ......#
.. ......'.
.....##


You could see an orc.

Vanquished Creatures
  A necrophage (D:4)
  A scorpion (D:5)
  A jelly (D:4)
  A hound (D:4)
  An iguana (D:4)
  An orc priest (D:4)
  Jessica (D:2)
  An orc wizard (D:4)
  4 gnolls (D:4)
  2 adders
  2 worms
  2 dart slugs (D:1)
  6 orcs
  5 bats
  9 endoplasms
  2 giant cockroaches
  6 hobgoblins
  4 jackals
  6 quokkas
  7 ball pythons
  5 frilled lizards
  6 goblins
  4 kobolds
  8 rats
  4 bushes (D:1)
90 creatures vanquished.

Vanquished Creatures (others)
  4 plants (D:1)
4 creatures vanquished.

Grand Total: 94 creatures vanquished

Notes
Turn   | Place    | Note
-------+----------+-------------------------------------------
     0 | D:5      | Descartes the Felid Delver began the quest for the Orb.
     0 | D:5      | Reached XP level 1. HP: 10/10 MP: 2/2
    29 | D:5      | Noticed a scorpion
    35 | D:5      | Killed a scorpion
    36 | D:5      | Reached skill level 8 in Stealth
    36 | D:5      | Reached XP level 2. HP: 14/14 MP: 3/3
    36 | D:5      | Reached XP level 3. HP: 17/17 MP: 4/4
   429 | D:4      | Reached XP level 4. HP: 11/21 MP: 5/5
   578 | D:4      | Noticed a necrophage
   602 | D:4      | Killed a necrophage
   603 | D:4      | Reached skill level 9 in Stealth
   603 | D:4      | Reached skill level 1 in Evocations
   603 | D:4      | Reached XP level 5. HP: 12/24 MP: 6/6
  1263 | D:4      | Killed from afar by an orc priest
  1264 | D:4      | Reached XP level 4. HP: -12/21 MP: 5/5
  1282 | D:4      | Reached XP level 5. HP: 3/24 MP: 6/6
  3142 | D:2      | Noticed Jessica
  3155 | D:2      | Killed Jessica
  3539 | D:1      | Gained mutation: You are covered in thick fur. (AC +2)
                  | [Felid growth]
  3539 | D:1      | Reached XP level 6. HP: 28/28 MP: 7/7
  3555 | D:1      | Reached skill level 10 in Stealth
  3619 | D:1      | Learned a level 5 spell: Metabolic Englaciation
  4477 | D:1      | Found a faded altar of an unknown god.
  4477 | D:1      | Noticed a sixfirhy
  5626 | D:4      | Reached skill level 1 in Hexes
  5755 | D:4      | Slain by an orc

Illustrated notes

Levels and vault maps discovered:
D:1:      dpeg_arrival_tiny_a, layout_loops_cross,
          dreamdust_ecumenical_altar_sealed_demon, serial_forest,
          infiniplex_forest_lined_3, infiniplex_forest_end_3,
          infiniplex_forest_clump_tiny, infiniplex_forest_clump_double,
          infiniplex_forest_clump_cross, infiniplex_forest_split, st_stairs_2,
          corexii_leaking_fountain
D:2:      layout_rooms, serial_aquarium, aquarium_bridge_square
          [aquarium_subvault_wall, aquarium_subvault_bridge,
          aquarium_subvault_bridge, aquarium_subvault_bridge],
          aquarium_window_2, aquarium_window_1, aquarium_window_corridor_2,
          aquarium_view_2d, aquarium_pool_2, grunt_ministairs_2, st_stairs_11,
          minmay_statues_item, feat_on_display, uniq_jessica
D:3:      layout_loops_ring
D:4:      layout_loops_corners
D:5:      cheibrodos_quashed, layout_rooms, chequers_temple_overflow_minitemple,
          minmay_temple_entry_arrows, dk_noncrumbling_3, uniq_prince_ribbit1,
          uniq_edmund

Skill      XL: |  1  2  3  4  5  6 |
---------------+-------------------+-----
Stealth        | 8 9 10 | 10.1
Dodging        | 3 4 |  4.5
Evocations     | 2 |  2.7
Hexes          | 1 |  1.0
Fighting       | |  3.0
Unarmed Combat | |  2.8

Action                   |  1- 3 |  4- 6 || total
-------------------------+-------+-------++-------
Melee: Unarmed           |    45 |   780 ||   825
       Bite              |     5 |   138 ||   143
       Punch             |     1 |    15 ||    16
Evoke: Wand              |       |     4 ||     4
  Use: Scroll            |       |     4 ||     4
 Stab: Sleeping          |     2 |    32 ||    34
       Paralysed         |       |     2 ||     2
       Distracted        |       |     1 ||     1
Armor: Skin              |       |     8 ||     8
Dodge: Dodged            |    43 |   143 ||   186
